[Event "*** SCC Grand Prix: Titled Tuesday Blitz"]
[Site "Chess.com"]
[Date "2020.10.06"]
[Round "7"]
[White "Susal_De_Silva"]
[Black "AndrewMaco"]
[Result "1/2-1/2"]
[WhiteElo "2477"]
[BlackElo "2628"]
[TimeControl "180+1"]
[EndTime "11:19:49 PDT"]
[Termination "Game drawn - insufficient material"]

1. e4 c6 2. d4 d5 3. Nc3 dxe4 4. Nxe4 Nf6 5. Nxf6+ exf6 6. c3 Bd6 7. Bd3 O-O 8. Ne2 Re8 9. Qc2 h5 10. O-O h4 11. h3 Nd7 12. Be3 Nf8 13. Rae1 Bb8 14. Nc1 Qc7 15. f4 Be6 16. Bf5 Qd7 17. Bxe6 Rxe6 18.
Qf5 Bc7 19. Qg4 Rae8 20. Bd2 Rxe1 21. Rxe1 Rxe1+ 22. Bxe1 Qxg4 23. hxg4 Bxf4 24. Nd3 Be3+ 25. Kf1 Ng6 26. Ke2 Bg5 27. Kf3 Kf8 28. Nc5 b6 29. Ne4 Ke7 30. c4 Ke6 31. Bb4 Bc1 32. Ba3 Ne7 33. Nc3 g6 34. Ne2 Bd2 35. b3 f5 36. Bb2 fxg4+ 37. Kxg4 g5 38. Kf3 f5 39. Ng1 g4+ 40. Ke2 Bg5 41. Bc3 Ng6 42. Kf1 Be3 43. Ne2 f4 44. Be1 Kf5 45. d5 cxd5 46. cxd5 Ke5 47. Nc3 h3 48. gxh3 gxh3 49. Nb5 Kxd5 50. Nxa7 f3 51. Bg3 Ne5 52. Nb5 Nc6 53. Nc3+ Kd4 54.
Nd1 b5 55. Nf2 Bxf2 56. Kxf2 Ke4 57. a4 bxa4 58. bxa4 Nd4 59. a5 Nb5 60. a6 Kd5 61. Kxf3 Kc6 62. Kg4 h2 63. Bxh2 Kb6 64. a7 Nxa7 1/2-1/2

[Event "*** SCC Grand Prix: Titled Tuesday Blitz"]
[Site "Chess.com"]
[Date "2020.10.06"]
[Round "7"]
[White "Sergey85Rodchenkov"]
[Black "northridgehawk"]
[Result "1-0"]
[WhiteElo "2458"]
[BlackElo "2300"]
[TimeControl "180+1"]
[EndTime "11:19:51 PDT"]
[Termination "Sergey85Rodchenkov won by resignation"]

1. e4 e5 2. Nf3 Nc6 3. Bc4 Nf6 4. d3 Bc5 5. O-O d6 6. c3 a6 7. Bb3 Ba7 8. Re1 h6 9. Nbd2 O-O 10. Nf1 Nh5 11.
Ng3 Nxg3 12. hxg3 Qf6 13. Be3 Bxe3 14. Rxe3 Be6 15. d4 Bxb3 16. axb3 Rfe8 17. d5 Ne7 18. c4 Ng6 19. b4 c6 20. dxc6 bxc6 21. Rd3 Red8 22.
Qa4 Ne7 23. Rad1 Qe6 24. b3 Rab8 25. Qxa6 Rxb4 26. Qa5 Rbb8 27. Qc3 f5 28. exf5 Nxf5 29. Nxe5 d5 30. cxd5 cxd5 31. Nf3 d4 32. Nxd4 Nxd4 33. Rxd4 Rxd4 34. Rxd4 Rxb3 35. Qd2 Qg6 36. Rd8+ Kh7 37. Rd4 Rb6 38. Kh2 Rc6 39. Qe3 Rc2 40. f3 Rc5 41. g4 Rc2 42. Qf4 Re2 43. Rd6 Qg5 44. Qxg5 hxg5 45.
Kg3 Rc2 46. Rd5 Kg6 47. Re5 Kf6 48. Rf5+ Kg6 49. Kh3 Rb2 50. g3 Rb4 51. f4 gxf4 52. gxf4 Rb3+ 53. Kh4 Rb1 54. Ra5 Rh1+ 55. Kg3 Rg1+ 56.
Kf3 Rb1 57. Ra6+ Kf7 58. f5 Rb3+ 59. Kf4 Rb6 60. Rxb6 1-0

[Event "*** SCC Grand Prix: Titled Tuesday Blitz"]
[Site "Chess.com"]
[Date "2020.10.06"]
[Round "7"]
[White "Gahan-MG"]
[Black "GM_Levan_Pantsulaia"]
[Result "0-1"]
[WhiteElo "2590"]
[BlackElo "2798"]
[TimeControl "180+1"]
[EndTime "11:19:52 PDT"]
[Termination "GM_Levan_Pantsulaia won by resignation"]

1. e4 c5 2. c3 Nf6 3. e5 Nd5 4.
d4 cxd4 5. cxd4 e6 6. a3 b6 7. Nf3 Bb7 8. Bd3 Be7 9. O-O O-O 10. Qe2 f5 11. exf6 gxf6 12. Bh6 Rf7 13. Nc3 Bf8 14.
Bd2 Rg7 15. Be4 Nxc3 16. bxc3 Qc8 17. Rfe1 Na6 18. c4 f5 19. Bxb7 Qxb7 20. a4 Rc8 21. g3 Nb4 22. Bh6 Rg4 23. Bxf8 Rxf8 24. Ne5 Rg7 25. a5 f4 26. axb6 fxg3 27. hxg3 axb6 28. Rab1 Nc6 29. Qe4 Rf6 30. c5 b5 31. d5 Nxe5 32. c6 Qa7 33. Re3 d6 34. dxe6 Rxe6 35. Qd5 Re7 36. Rxb5 Kg7 37. Rb7 Rxb7 38. cxb7 Qa1+ 39. Kg2 Rh6 40. f4 Qh1+ 41. Kf2 Rh2+ 0-1

[Event "*** SCC Grand Prix: Titled Tuesday Blitz"]
[Site "Chess.com"]
[Date "2020.10.06"]
[Round "7"]
[White "sopo-tereladze"]
[Black "chorejason"]
[Result "1-0"]
[WhiteElo "2298"]
[BlackElo "2149"]
[TimeControl "180+1"]
[EndTime "11:19:52 PDT"]
[Termination "sopo-tereladze won by resignation"]

1. d3 Nf6 2. e4 d6 3. Nf3 g6 4.
Be2 Bg7 5. O-O O-O 6. Nc3 Nc6 7. Be3 d5 8. exd5 Nxd5 9. Nxd5 Qxd5 10. c3 Rd8 11. d4 e5 12. c4 Qd7 13. d5 Qe8 14. Qa4 e4 15. dxc6 exf3 16. Bxf3 bxc6 17. Bxc6 Bd7 18.
Bxd7 Rxd7 19. Rab1 a5 20. b3 Ra6 21. Rbd1 Rad6 22. Rxd6 cxd6 23. Rd1 Qd8 24. c5 d5 25. c6 Re7 26. h3 d4 27. Bxd4 h6 28. g3 Qd5 29.
Qc4 Qf3 30. Qc1 Re2 31. Be3 Be5 32. c7 Bxg3 33. c8=Q+ Kh7 34. Q8c5 Bh4 35. Q1c4 Qxh3 36. Qe4 Bxf2+ 37. Bxf2 Rxe4 38. Rd4 Rg4+ 39. Rxg4 Qxg4+ 40. Kf1 Qd1+ 41. Kg2 Qg4+ 42. Bg3 Qe4+ 43. Kf2 Qc2+ 44. Qxc2 1-0

[Event "*** SCC Grand Prix: Titled Tuesday Blitz"]
[Site "Chess.com"]
[Date "2020.10.06"]
[Round "7"]
[White "Margarita2907"]
[Black "Happy1712Drummer"]
[Result "0-1"]
[WhiteElo "2186"]
[BlackElo "2389"]
[TimeControl "180+1"]
[EndTime "11:19:52 PDT"]
[Termination "Happy1712Drummer won on time"]

1. e4 c6 2. d4 d5 3. e5 Bf5 4.
Nd2 e6 5. Nb3 c5 6. dxc5 Nc6 7.
Nf3 Bg4 8. Bf4 Nge7 9. h3 Bh5 10.
Bd3 Ng6 11. Bxg6 Bxg6 12. O-O Rc8 13. Re1 Nb4 14. Nfd4 Bxc5 15. Nxc5 Rxc5 16. Re2 Qc8 17. c3 Nd3 18. Bg3 b6 19. Rd2 Qa6 20. Nb3 Rc7 21.
Nc1 Nxc1 22. Qxc1 O-O 23. Qe1 Rfc8 24. Rd4 Rc4 25. Qe3 Rxd4 26. cxd4 Qc4 27. b3 Qc2 28. Bf4 Rc3 29. Qd2 h6 30. Qxc2 Rxc2 31. Be3 Be4 32. g3 g5 33. a4 Rb2 34. Rc1 Rxb3 35. Rc8+ Kh7 36. Rc7 Kg6 37. Kh2 a5 38. g4 Rb4 39.
Rb7 Rxa4 40. Rxb6 Ra1 41. Ra6 Rh1+ 42. Kg3 Rg1+ 43. Kh2 Rg2+ 44. Kh1 Rxg4+ 45. Kh2 Rg2+ 46. Kh1 Rxf2+ 0-1

[Event "*** SCC Grand Prix: Titled Tuesday Blitz"]
[Site "Chess.com"]
[Date "2020.10.06"]
[Round "7"]
[White "ORS1984"]
[Black "GmSergioBarrientos"]
[Result "1-0"]
[WhiteElo "2519"]
[BlackElo "2671"]
[TimeControl "180+1"]
[EndTime "11:19:57 PDT"]
[Termination "ORS1984 won by resignation"]

1. e4 e5 2. Nf3 Nc6 3. Bb5 Nf6 4. d3 d6 5. Nc3 Bd7 6. O-O g6 7. Ne2 Bg7 8. Ng3 O-O 9. c3 Qe8 10. Ba4 Nd8 11. Bc2 Ne6 12. d4 Rd8 13. Re1 Bc8 14.
Be3 a6 15. h3 Kh8 16. Qd2 Ng8 17. Rad1 b6 18. Qc1 Bb7 19. b4 Qe7 20. d5 Nf4 21. Bxf4 exf4 22. Ne2 g5 23. Ned4 Nh6 24. Qd2 Be5 25.
Nf5 Nxf5 26. exf5 Qf6 27. Nxe5 dxe5 28. c4 Bc8 29. Qe2 Rfe8 30. Qg4 h6 31. Be4 Kg7 32. h4 Bd7 33. h5 Qd6 34. a3 a5 35. Rb1 axb4 36.
axb4 Ra8 37. Rec1 Reb8 38. c5 bxc5 39. bxc5 Rxb1 40. Rxb1 Qe7 41. Rb7 Ra1+ 42. Kh2 Kf6 43. Rxc7 Qd8 44. d6 Rc1 45. c6 Bc8 46. Rxc8 Qxc8 47. d7 Qd8 48. Qe2 Kg7 49. Qd2 g4 50. g3 fxg3+ 51. fxg3 Ra1 52. Qd6 Qb6 53. f6+ Kg8 54.
d8=Q+ 1-0

[Event "*** SCC Grand Prix: Titled Tuesday Blitz"]
[Site "Chess.com"]
[Date "2020.10.06"]
[Round "7"]
[White "Parhamov"]
[Black "youngKID"]
[Result "0-1"]
[WhiteElo "2954"]
[BlackElo "2812"]
[TimeControl "180+1"]
[EndTime "11:19:58 PDT"]
[Termination "youngKID won by resignation"]

1. e4 c5 2. Nc3 Nc6 3. Bb5 g6 4.
Bxc6 bxc6 5. f4 Bg7 6. Nf3 d6 7. O-O Nf6 8. d3 Bg4 9. Qe1 O-O 10. Qh4 Bxf3 11. Rxf3 Nd7 12. Rh3 h5 13. f5 e6 14. Qg3 Ne5 15. Bg5 Qb6 16. Nd1 exf5 17. exf5 Ng4 18. f6 Nxf6 19. Qxd6 Ng4 20. Qg3 Rfe8 21.
c3 Be5 22. Qh4 Re6 23. Ne3 Qxb2 24. Rf1 Nxe3 25. Bxe3 Qxc3 26. Qf2 Rf6 27. Rf3 Rxf3 28. Qxf3 Rf8 29. Qe4 Bd4 30. Bxd4 Qxd4+ 31. Qxd4 cxd4 32. Rf6 Rc8 33. Rd6 c5 34. Rd7 a5 35. Ra7 c4 36.
dxc4 d3 37. Kf2 Rxc4 38. Rxa5 Rc2+ 39. Kf3 d2 40. Rd5 Rxa2 41. h4 Kf8 42. g3 Ke7 43.
Kf4 Ke6 44. Rd3 Ra4+ 45. Kf3 Ra3 0-1

[Event "*** SCC Grand Prix: Titled Tuesday Blitz"]
[Site "Chess.com"]
[Date "2020.10.06"]
[Round "7"]
[White "dosto07"]
[Black "aisha_zakirova"]
[Result "1-0"]
[WhiteElo "2336"]
[BlackElo "2165"]
[TimeControl "180+1"]
[EndTime "11:19:58 PDT"]
[Termination "dosto07 won on time"]

1. e4 c5 2. Nf3 d6 3. Bb5+ Bd7 4. Bxd7+ Qxd7 5. O-O Nf6 6. Re1 g6 7. c3 Bg7 8. d4 cxd4 9. cxd4 O-O 10. Nc3 Nc6 11. Bg5 Rac8 12. h3 a6 13. Qd2 b5 14. Rad1 b4 15. Nd5 Ne8 16. Nxb4 Nxb4 17. Qxb4 Nc7 18. Qd2 Nb5 19. Bh6 Rc4 20. Bxg7 Kxg7 21. Rc1 Rfc8 22. Rxc4 Rxc4 23. Rc1 Qc6 24. Rxc4 Qxc4 25. b3 Qc3 26. Qd1 Qb2 27. a4 Nc3 28. Qd3 Qxb3 29. Qxa6 Qd1+ 30. Kh2 Nxe4 31. Qb7 Nxf2 32. Qxe7 Nd3 33. Qxd6 Qxa4 34. Ne5 Qb3 35. Nxd3 Qxd3 36. Qe5+ Kg8 37. d5 Qd2 38. d6 h6 39. Kg3 Qd3+ 40. Kh2 Kh7 41. Qe7 1-0

[Event "*** SCC Grand Prix: Titled Tuesday Blitz"]
[Site "Chess.com"]
[Date "2020.10.06"]
[Round "7"]
[White "Fins0905"]
[Black "chito89"]
[Result "0-1"]
[WhiteElo "2645"]
[BlackElo "2823"]
[TimeControl "180+1"]
[EndTime "11:19:59 PDT"]
[Termination "chito89 won by resignation"]

1. e4 e5 2. Nf3 Nc6 3. Bb5 a6 4.
Bxc6 dxc6 5. O-O Bd6 6. d4 exd4 7. Qxd4 f6 8. Be3 Be6 9. Nbd2 c5 10. Qc3 Qe7 11. Nc4 Bxc4 12. Qxc4 O-O-O 13. Nd2 Nh6 14. h3 Nf7 15. Nb3 Ne5 16. Qe2 Rhe8 17. Rad1 Ng6 18. f3 Qe5 19. g4 Nh4 20. Qf2 Nxf3+ 21. Kh1 Qxe4 22. Qg2 Qxe3 23. Rxf3 Qe4 24. Rdf1 c4 25. Nd2 Qxc2 26. Rc3 Qxb2 27. Rxc4 Be5 28. Rf2 Rd6 29. a3 Red8 30. Rb4 Qc1+ 31. Nf1 Qc6 32. Rf3 Rd1 33.
Qe2 R8d2 34. Qe4 Qxe4 35. Rxe4 Ra2 36. Kg1 Raa1 37. g5 c5 38. Kg2 Ra2+ 39. Kg1 Bd4+ 40. Kh1 Rf2 41. Rxf2 Bxf2 42. Kg2 Bd4 43. Re8+ Kd7 44.
Rh8 fxg5 45. Rxh7 c4 46. Ng3 c3 47. Ne2 c2 48. Kf3 c1=Q 49. Nxc1 Rxc1 50. Ke4 Bf6 0-1

[Event "*** SCC Grand Prix: Titled Tuesday Blitz"]
[Site "Chess.com"]
[Date "2020.10.06"]
[Round "7"]
[White "WIDBIFS"]
[Black "louis198"]
[Result "1-0"]
[WhiteElo "2735"]
[BlackElo "2569"]
[TimeControl "180+1"]
[EndTime "11:19:59 PDT"]
[Termination "WIDBIFS won by resignation"]

1. d4 e6 2. Nf3 d5 3. Bf4 Bd6 4. Bg3 Ne7 5. Nbd2 f5 6. e3 O-O 7. c4 c6 8. Bxd6 Qxd6 9. Bd3 Nd7 10. O-O b6 11. Rc1 Bb7 12. a3 a5 13. Qe2 Kh8 14.
g3 Ng8 15. Ng5 e5 16. Qh5 Nh6 17. cxd5 Qxd5 18. Bc4 Qd6 19. Ndf3 exd4 20. exd4 Nf6 21. Qh4 Qd7 22. Ne5 Qc7 23. Ne6 Qd6 24. Nxf8 Rxf8 25. Rfe1 Ne4 26. Rcd1 c5 27. Nf3 cxd4 28. Nxd4 Qc5 29. Rxe4 fxe4 30. Be2 Nf5 31. Nxf5 Qxf5 32. g4 Qc8 33. Qg3 Qc2 34. Qe3 Qxb2 35. h4 Qf6 36. h5 h6 37. Rd7 Bc6 38. Rc7 Ba8 39. a4 Qd6 40. Qc3 Rg8 41. Rc8 Bb7 42. Rxg8+ Kxg8 43. Qc4+ Qd5 44. Qc3 Qc6 45. Bc4+ Kh8 46. Qd4 Qc8 47.
Bb5 Qxg4+ 48. Kf1 Qd1+ 49. Qxd1 1-0

[Event "*** SCC Grand Prix: Titled Tuesday Blitz"]
[Site "Chess.com"]
[Date "2020.10.06"]
[Round "7"]
[White "parnali1611"]
[Black "KonstantinB_1983"]
[Result "0-1"]
[WhiteElo "2153"]
[BlackElo "2526"]
[TimeControl "180+1"]
[EndTime "11:19:59 PDT"]
[Termination "KonstantinB_1983 won on time"]

1. d4 Nf6 2. c4 b6 3. Nc3 Bb7 4. d5 e6 5. e4 Bb4 6. Bd3 exd5 7.
cxd5 Qe7 8. Bg5 h6 9. Bxf6 Qxf6 10. Ne2 O-O 11. O-O c6 12. a3 Be7 13. f4 d6 14. e5 dxe5 15. Ne4 Qh4 16. d6 Bd8 17. g3 Qg4 18. fxe5 Nd7 19. Rf4 Qh3 20. Nf6+ Nxf6 21.
exf6 Bxf6 22. Bf5 Qh5 23. g4 Qh4 24. Ng3 c5 25. Be4 Bd4+ 26. Kh1 Bxe4+ 27. Nxe4 Rad8 28. Ng3 Qh3 29. Nf5 Be5 30. Qf3 Qxf3+ 31. Rxf3 Bxd6 32. Rd1 Be5 33. Ne7+ Kh7 34. Rxd8 Rxd8 35. Rxf7 Bxb2 36.
Kg2 Rd2+ 37. Kf3 Bf6 38. Nf5 Rd3+ 39. Ke4 Rxa3 40. h4 Ra4+ 41. Kf3 Ra3+ 42. Ke4 Ra4+ 43.
Kf3 Kg6 44. h5+ Kxf7 0-1

[Event "*** SCC Grand Prix: Titled Tuesday Blitz"]
[Site "Chess.com"]
[Date "2020.10.06"]
[Round "7"]
[White "CzechmVIII"]
[Black "markberk"]
[Result "0-1"]
[WhiteElo "2154"]
[BlackElo "2396"]
[TimeControl "180+1"]
[EndTime "11:19:59 PDT"]
[Termination "markberk won by checkmate"]

1. e4 e5 2. Nf3 Nc6 3. Bb5 Bb4 4. O-O Nge7 5. Nc3 O-O 6. Nd5 Nxd5 7. exd5 Ne7 8.
Nxe5 Nxd5 9. d4 Be7 10. Bd3 d6 11. Nf3 Bg4 12. c3 Qd7 13. h3 Bh5 14. Be4 c6 15.
Qc2 Nf6 16. Bf5 Qc7 17. Nh2 Rfe8 18. Bf4 Bg6 19. Rfe1 Nd5 20. Bg3 Bg5 21. Bxg6 hxg6 22. Nf3 Bf4 23. Bxf4 Nxf4 24. Qd2 d5 25. Ne5 g5 26.
Nd3 Qd6 27. Nxf4 gxf4 28. Rxe8+ Rxe8 29. Re1 Rxe1+ 30. Qxe1 Kf8 31. f3 Qe6 32. Kf2 Ke7 33. Qxe6+ Kxe6 34. g4 fxg3+ 35. Kxg3 Kf5 36. Kf2 Kf4 37.
b3 a5 38. a3 g5 39. b4 a4 40. Ke2 Kg3 41. Kd3 Kxf3 42. c4 dxc4+ 43. Kxc4 f5 44. d5 cxd5+ 45. Kxd5 g4 46. h4 g3 47. h5 g2 48. h6 g1=Q 49. h7 Qh2 50. h8=Q Qxh8 51. Kc5 Qc8+ 52. Kb5 Qc6+ 53. Ka5 Qa6# 0-1

[Event "*** SCC Grand Prix: Titled Tuesday Blitz"]
[Site "Chess.com"]
[Date "2020.10.06"]
[Round "7"]
[White "ajdemipopushi"]
[Black "MasterMK73"]
[Result "1-0"]
[WhiteElo "2351"]
[BlackElo "2205"]
[TimeControl "180+1"]
[EndTime "11:19:59 PDT"]
[Termination "ajdemipopushi won on time"]

1. Nf3 d5 2. g3 c5 3. Bg2 Nc6 4. d4 Nf6 5. O-O e6 6. c4 Be7 7. cxd5 exd5 8. Nc3 cxd4 9. Nxd4 O-O 10. b3 Re8 11. Bb2 Bf8 12. Rc1 Bg4 13. h3 Bh5 14. Re1 Qa5 15. a3 Rad8 16. b4 Qc7 17. Na4 Qb8 18. Rxc6 bxc6 19. Nxc6 Qc7 20. Nxd8 Qxd8 21. Bxf6 Qxf6 22. Qxd5 Rxe2 23. Rxe2 Bxe2 24. Nc5 Bxc5 25. Qxc5 g6 26. Qxa7 Qa1+ 27. Kh2 Bc4 28. a4 Kg7 29. a5 Qa2 30. Qd4+ Kg8 31. h4 h5 32. Qc5 Kh7 33.
Be4 Be6 34. Qxh5+ Kg7 35. Qe5+ Kh7 36. Qc5 Qe2 37. Bg2 Qa6 38. h5 gxh5 39. Qxh5+ Kg7 40. Qe5+ Kh7 41. Qc5 Qe2 42. Qd4 Kg8 43. Kg1 1-0

[Event "*** SCC Grand Prix: Titled Tuesday Blitz"]
[Site "Chess.com"]
[Date "2020.10.06"]
[Round "7"]
[White "Falcon28dz"]
[Black "gui_borba"]
[Result "0-1"]
[WhiteElo "2242"]
[BlackElo "2495"]
[TimeControl "180+1"]
[EndTime "11:20:00 PDT"]
[Termination "gui_borba won on time"]

1. e4 c6 2. d4 d5 3. e5 Bf5 4. h4 h5 5. Bd3 Bxd3 6. Qxd3 e6 7. Bg5 Qa5+ 8. Nd2 Qa6 9. c4 Nd7 10. Ngf3 Nh6 11. O-O Nf5 12. b3 Bb4 13. a3 Bxd2 14.
Nxd2 O-O 15. Rfd1 Rac8 16. Nf3 Nb6 17. c5 Qxd3 18. Rxd3 Nd7 19. b4 b6 20. Rc3 bxc5 21. dxc5 a5 22. Rb1 Rb8 23. b5 Rxb5 24. Rxb5 cxb5 25. c6 Nb6 26. Rc5 b4 27. axb4 axb4 28. Rb5 Nc4 29. c7 f6 30. Rb8 Ne7 31. exf6 Nc8 32.
fxg7 Kxg7 33. Bd8 N4d6 34. Nd4 Kf7 35. Rxb4 e5 36. Nc6 Ke6 37. f3 d4 38. Rb1 Kd5 39.
Nb4+ Kc4 40. Nc6 Kd5 41. Ne7+ Ke6 42. Nxc8 Nxc8 43. Kf2 Kd7 44. Ke2 Rg8 45. Rg1 Ke6 46. g4 hxg4 47. Rxg4 Rh8 0-1

[Event "*** SCC Grand Prix: Titled Tuesday Blitz"]
[Site "Chess.com"]
[Date "2020.10.06"]
[Round "7"]
[White "WPWPWP-2015"]
[Black "SilviusTiberius"]
[Result "0-1"]
[WhiteElo "2448"]
[BlackElo "2643"]
[TimeControl "180+1"]
[EndTime "11:20:04 PDT"]
[Termination "SilviusTiberius won on time"]

1. e4 c5 2. Nf3 Nc6 3. Bb5 g6 4. O-O Bg7 5. c3 Nf6 6. Qe2 O-O 7. Rd1 Qb6 8. e5 Nd5 9. d4 cxd4 10. cxd4 Nc7 11. Bc4 d6 12. h3 dxe5 13. dxe5 Be6 14. Na3 Rfd8 15. Bg5 h6 16. Be3 Qa5 17. Bxe6 Nxe6 18.
Nc4 Qa6 19. b3 Na5 20. Rac1 Nxc4 21. Qxc4 Qxa2 22. Rxd8+ Rxd8 23. Qc3 Qe2 24. Bxa7 Nf4 25. Qe3 Qxe3 26. Bxe3 Ne2+ 27. Kh2 Nxc1 28. Bxc1 Rc8 29.
Ba3 e6 30. Bb4 Rc2 31. Be1 Re2 32. Kg1 Bxe5 33. Kf1 Re4 34. Nd2 Rd4 35. Nf3 Rd5 36. Bd2 g5 37. Ke2 f5 38. Be3 Bf6 39. Nd2 Kf7 40.
f3 Rb5 41. Kd3 e5 42. Nc4 Ke6 43. Kc2 Be7 44. Bd2 Rd5 45. Ne3 Rd8 46. Bc3 Bc5 47.
Nc4 Bd4 48. Ba5 Rc8 49. Kd3 b5 50. Nd2 Kd5 51. Bb4 Rc1 52. g4 f4 53. Ne4 Rd1+ 54. Ke2 Rh1 0-1

[Event "*** SCC Grand Prix: Titled Tuesday Blitz"]
[Site "Chess.com"]
[Date "2020.10.06"]
[Round "7"]
[White "MrTattaglia"]
[Black "Joshukid"]
[Result "1/2-1/2"]
[WhiteElo "2877"]
[BlackElo "2725"]
[TimeControl "180+1"]
[EndTime "11:20:05 PDT"]
[Termination "Game drawn by repetition"]

1. Nf3 Nf6 2. c4 e6 3. g3 d5 4. Bg2 g6 5. O-O Bg7 6. d4 O-O 7. Qc2 Nc6 8. Rd1 Ne4 9. a3 a5 10. Nc3 Nxc3 11. Qxc3 a4 12. Bf4 Re8 13. Rac1 h6 14.
Ne5 g5 15. Be3 Nxe5 16. dxe5 c6 17. Bc5 Qc7 18. Bd6 Qxd6 19. exd6 Bxc3 20. Rxc3 Rd8 21. c5 Ra5 22. e4 Bd7 23. Rd4 b6 24. cxb6 Rb8 25. exd5 exd5 26. Re3 Be6 27. f4 Rxb6 28. h4 c5 29. Rxd5 Bxd5 30. d7 Rd6 31. Re8+ Kg7 32. d8=Q Rxd8 33. Rxd8 Bxg2 34. Kxg2 gxf4 35. gxf4 Rb5 36.
Rd2 Rb3 37. Rc2 Kg6 38. Rxc5 Rxb2+ 39. Kf3 Rb3+ 40. Kg4 Rxa3 41. Rc6+ Kg7 42. Ra6 Ra1 43. Kh5 a3 44. Rxh6 Rf1 45. Ra6 Rxf4 46. Rxa3 Rf6 47. Kg5 Rg6+ 48. Kf5 Rf6+ 49. Ke5 Rh6 50. Rh3 Rf6 51.
h5 Rf1 52. Ke4 Kh6 53. Ke5 Rf2 54. Ke4 Rf1 55. Ke3 Rf5 56. Ke4 Rxh5 57. Rg3 Rg5 58. Ra3 Kg6 59. Kf4 f6 60. Ra8 Rf5+ 61. Kg4 Rg5+ 62.
Kf4 Rf5+ 63. Kg4 Rg5+ 64. Kf4 1/2-1/2

[Event "*** SCC Grand Prix: Titled Tuesday Blitz"]
[Site "Chess.com"]
[Date "2020.10.06"]
[Round "7"]
[White "akashcheck"]
[Black "PlotnikovPavel"]
[Result "1-0"]
[WhiteElo "2259"]
[BlackElo "2349"]
[TimeControl "180+1"]
[EndTime "11:20:05 PDT"]
[Termination "akashcheck won by checkmate"]

1. e4 c5 2. Nf3 Nc6 3. d4 cxd4 4. Nxd4 Nf6 5. Nc3 e5 6. Ndb5 d6 7. Nd5 Nxd5 8. exd5 Ne7 9. c4 a6 10. Nc3 g6 11. Bd3 Bg7 12. O-O O-O 13. a3 f5 14. f3 Bd7 15. Be3 Rc8 16. Na4 Bxa4 17. Qxa4 Kh8 18. Rab1 b5 19. Qxa6 bxc4 20. Bxc4 Qc7 21.
Rfc1 f4 22. Ba2 Qd7 23. Bf2 g5 24. Qa7 Qxa7 25. Bxa7 g4 26. Bf2 gxf3 27. gxf3 Nf5 28. Kf1 Bf6 29. Bc4 Bh4 30. Bd3 Bxf2 31. Bxf5 Rxc1+ 32. Rxc1 Bd4 33. Rc8 Rxc8 34. Bxc8 Bxb2 35. a4 Bc3 36. Ke2 Ba5 37. Kd3 Kg7 38. Kc4 Kf6 39. Kb5 Bd2 40. a5 Bxa5 41. Kxa5 Kg5 42. Kb5 e4 43. fxe4 f3 44. Kc6 f2 45. Ba6 Kf4 46.
Kxd6 Kxe4 47. Ke6 Ke3 48. d6 Kf3 49. d7 Ke4 50. d8=Q Ke3 51. Qg5+ Kf3 52. Qg3+ Ke4 53. Qxf2 h5 54. Qf5+ Ke3 55. Ke5 h4 56. Qf4# 1-0

[Event "*** SCC Grand Prix: Titled Tuesday Blitz"]
[Site "Chess.com"]
[Date "2020.10.06"]
[Round "7"]
[White "Region_07"]
[Black "albi1999"]
[Result "0-1"]
[WhiteElo "2366"]
[BlackElo "2593"]
[TimeControl "180+1"]
[EndTime "11:20:07 PDT"]
[Termination "albi1999 won on time"]

1. e4 e5 2. Nf3 Nc6 3. Bc4 Bc5 4. c3 Nf6 5. d3 a6 6. Bb3 Ba7 7. Nbd2 d5 8. O-O O-O 9. h3 h6 10. Re1 Re8 11. Qe2 Be6 12. Bc2 Qd7 13. Nf1 Rad8 14. Ng3 b5 15. Nh4 dxe4 16. dxe4 Bc5 17. Qf3 Nh7 18. Nhf5 Bf8 19. Qg4 Kh8 20. Qh4 Ne7 21.
a4 Ng6 22. Qg4 b4 23. cxb4 Bxb4 24. Rd1 Qc6 25. Bd3 Bb3 26. Be3 Bxd1 27. Rxd1 Qxa4 28.
Nh5 Bf8 29. Kh2 Qb3 30. Be2 Rxd1 31. Bxd1 Qxb2 32. Be2 Qb3 33. Bxa6 Qe6 34. Qe2 c6 35. Bc4 Qd7 36. g3 Kg8 37. Qg4 Kh8 38. h4 Rd8 39.
Kg2 Qd1 40. Be2 Qb3 41. Nhxg7 Bxg7 42. Nxg7 Kxg7 43. h5 Qe6 44. Qxe6 fxe6 45. hxg6 Kxg6 46. Bc4 Nf6 47. Kf3 Re8 48. Bc5 h5 49. Bd6 Ng4 50.
Ke2 Kf6 51. f3 Nh6 52. Ke3 Nf7 53. Bc7 Rg8 54. Kf2 Rc8 55. Bb6 Rb8 56. Bc5 Rb2+ 57.
Ke3 Rc2 58. Kd3 Rg2 59. g4 h4 60. Be3 h3 0-1

[Event "*** SCC Grand Prix: Titled Tuesday Blitz"]
[Site "Chess.com"]
[Date "2020.10.06"]
[Round "7"]
[White "mr65"]
[Black "esrosenberg"]
[Result "1/2-1/2"]
[WhiteElo "2156"]
[BlackElo "2284"]
[TimeControl "180+1"]
[EndTime "11:20:07 PDT"]
[Termination "Game drawn - insufficient material"]

1. e4 e5 2. Nf3 Nc6 3. Bb5 a6 4. Ba4 Nf6 5. O-O Be7 6. Re1 b5 7. Bb3 O-O 8. d3 d6 9. c3 d5 10. exd5 Nxd5 11. Nxe5 Nxe5 12. Rxe5 c6 13. g3 Bf6 14.
Re1 Bf5 15. a4 Qd7 16. axb5 axb5 17. Rxa8 Rxa8 18. Qe2 h6 19. Nd2 Kh7 20. Ne4 Be7 21.
d4 Ra1 22. Bc2 Kh8 23. Bd2 Rxe1+ 24. Qxe1 b4 25. Nc5 Bxc5 26. dxc5 Bxc2 27. cxb4 Qe6 28.
Qxe6 fxe6 29. f4 Kg8 30. Kf2 Kf7 31. Bc3 g5 32. fxg5 hxg5 33. h4 gxh4 34. gxh4 Kg6 35. Kf3 Kh5 36. Kg3 Ne3 37. Be5 Nf5+ 38. Kf4 Nxh4 39.
Bf6 Ng6+ 40. Ke3 Kg4 41. b5 cxb5 42. c6 Nf4 43. Kd4 Nd5 44. Be5 Bf5 45. Kc5 Kf3 46. Kxb5 Ke4 47. c7 Nxc7+ 48. Bxc7 Kd5 49. Ka6 Bd3+ 50.
Ka5 e5 51. Bxe5 Kxe5 52. b4 Kd5 53. b5 Bxb5 1/2-1/2

[Event "*** SCC Grand Prix: Titled Tuesday Blitz"]
[Site "Chess.com"]
[Date "2020.10.06"]
[Round "7"]
[White "norwaytoadog"]
[Black "Caterpiller35"]
[Result "1-0"]
[WhiteElo "2314"]
[BlackElo "2488"]
[TimeControl "180+1"]
[EndTime "11:20:08 PDT"]
[Termination "norwaytoadog won on time"]

1. e4 c5 2. Nf3 Nc6 3. Bb5 g6 4. Bxc6 bxc6 5. O-O Bg7 6. Re1 Nh6 7. c3 O-O 8. d4 cxd4 9. cxd4 d5 10. e5 Bg4 11.
Nbd2 Rb8 12. h3 Bxf3 13. Nxf3 f6 14. exf6 exf6 15. b3 Nf7 16. Ba3 Re8 17. Qd3 Re4 18.
Rxe4 dxe4 19. Qxe4 Qa5 20. Bc5 Qb5 21. Re1 Bf8 22. b4 a5 23. a3 axb4 24. axb4 Bxc5 25. bxc5 Rd8 26. Qe7 Kg7 27. Re6 Qb1+ 28. Kh2 Qf5 29. Rxc6 g5 30. Rc7 Rf8 31. Qe3 h5 32. Re7 Kg6 33.
Qe4 Rd8 34. g4 Qxe4 35. Rxe4 hxg4 36. hxg4 Nh6 37. Kg3 Ng8 38. Re3 Nh6 39. Rd3 f5 40. Ne5+ Kf6 41. f3 f4+ 42. Kf2 Ng8 43. Nc4 Ne7 44. Nd2 Nd5 45. Ne4+ Kg6 46. Ra3 Rb8 47.
Ra6+ Kg7 48. Nxg5 Rb2+ 49. Ke1 Rb3 50. c6 Re3+ 51. Kd2 Rc3 52. Ne6+ 1-0

[Event "*** SCC Grand Prix: Titled Tuesday Blitz"]
[Site "Chess.com"]
[Date "2020.10.06"]
[Round "7"]
[White "Cocaino74"]
[Black "maxsergej"]
[Result "1/2-1/2"]
[WhiteElo "2373"]
[BlackElo "2137"]
[TimeControl "180+1"]
[EndTime "11:20:08 PDT"]
[Termination "Game drawn by repetition"]

1. e4 c5 2. Nf3 Nc6 3. Bb5 g6 4. Bxc6 bxc6 5. d3 Bg7 6. Nc3 Nf6 7. h3 O-O 8. O-O d6 9. e5 Nd5 10. Bg5 Qc7 11. Qd2 Rb8 12. Rab1 Nxc3 13. Qxc3 Be6 14.
a3 dxe5 15. Qxc5 Rfe8 16. Rfe1 Ba2 17. Ra1 Bd5 18. Rab1 Ba2 19. Ra1 Bd5 20. Rab1 Bxf3 21.
gxf3 Rb5 22. Qc4 Qb7 23. b4 a5 24. Be3 axb4 25. axb4 Rd5 26. Red1 Qd7 27. Qg4 f5 28. Qh4 f4 29. Bc1 Qf5 30. Qg4 e6 31. Qxf5 exf5 32. Ra1 Kf7 33. Ra7+ Re7 34. Ra6 Rc7 35. Bb2 Bf6 36.
Rda1 Rb5 37. Ra7 Rbb7 38. Rxb7 Rxb7 39. Bc3 e4 40. Bxf6 Kxf6 41. fxe4 fxe4 42. Ra6 exd3 43. Rxc6+ Kf5 44. cxd3 Rxb4 45. Rc5+ Kf6 46. Rc7 h5 47. Kg2 Rd4 48. Rc3 g5 49. Kf3 Rd6 50. Ke4 Re6+ 51. Kd4 Re2 52. Rc6+ Kf5 53. Rc5+ Kf6 54. Rc6+ Kf5 55.
Rc5+ Kf6 56. Rc6+ 1/2-1/2